 Dungeon Sprint DCSS version 0.27-a0-1232-gc6a4cbde82 (webtiles) character file.

Game seed: 12544279531734156599

1041 rocky1 the Blocker (level 8, -9/71 HPs)
             Began as a Formicid Fighter on June 9, 2021.
             Was a Follower of Cheibriados.
             Mangled by a human
             ... wielding a +0 spectral lajatang
              (24 damage)
             ... in the Dungeon (Sprint III: "The Ten Rune Challenge").
             The game lasted 00:02:36 (668 turns).

rocky1 the Blocker (Formicid Fighter)                Turns: 668, Time: 00:02:37

Health: -9/71      AC:  8    Str: 27    XL:     8   Next: 49%
Magic:  8/9        EV: 13    Int: 10    God:    Cheibriados [*.....]
Gold:   19         SH: 12    Dex: 13    Spells: 7/7 levels left

rFire    . . .     SeeInvis +   d - +2 long sword (holy)
rCold    . . .     Faith    .   c - +0 kite shield
rNeg     . . .     Spirit   .   b - +0 scale mail
rPois    .         Reflect  .   (helmet unavailable)
rElec    .         Harm     .   (no cloak)
rCorr    .         Rampage  .   (no gloves)
Will     .....                  (no boots)
Stlth    ..........             (no amulet)
HPRegen  0.21/turn              (no ring)
MPRegen  0.11/turn              (no ring)

@: very slow
A: permanent stasis, dig shafts and tunnels, antennae 3, four strong arms
a: Dig, Renounce Religion, Bend Time


You were in the Dungeon.
You worshipped Cheibriados.
Cheibriados was aware of your devotion.
You visited 1 branch You collected 19 gold pieces.

Inventory:

Hand Weapons
 a - a +0 long sword
 d - a +2 long sword of holy wrath (weapon)
Armour
 b - a +0 scale mail (worn)
 c - a +0 kite shield (worn)
Wands
 o - a wand of flame (19)
Scrolls
 h - a scroll of magic mapping {unknown}
 j - a scroll of holy word {unknown}
 k - a scroll of fear {unknown}
 m - a scroll of immolation {unknown}
 n - 2 scrolls of identify
Potions
 e - 2 potions of curing
 g - 2 potions of magic
 i - 4 potions of mutation {unknown}
 l - 4 potions of flight
Miscellaneous
 f - a lightning rod (4/4)


   Skills:
 + Level 9.3 Fighting
 + Level 8.2 Long Blades
 + Level 9.3 Armour
 + Level 7.1 Dodging
 - Level 9.9 Shields
 + Level 1.8 Invocations


You had 7 spell levels left.
You didn't know any spells.
Your spell library was empty.

Dungeon Overview and Level Annotations

Branches:
Dungeon (1/1)

Altars:
Cheibriados
Dithmenos
Elyvilon
Fedhas
Gozag
Hepliaklqana
Makhleb
Nemelex Xobeh
Okawaru
Qazlal
Ru
Trog
Uskayaw
Wu Jian
Xom
Yredelemnul
Zin
The Shining One
Beogh
Jiyva
Lugonu


Innate Abilities, Weirdness & Mutations

You cannot be hasted, slowed, berserked, paralysed or teleported.
You can dig through walls and to a lower floor.
You have a pair of large antennae on your head. (SInv)
Your four strong arms can wield two-handed weapons with a shield.


Message History

The human is heavily wounded.
You block the human's attack.
You slash the human!
The human is severely wounded.
The human misses you.
You riposte.
You barely miss the human.
The human is severely wounded.
You closely miss the human.
The human is severely wounded.
The human barely misses you.
You riposte.
You hit the human.
The human is almost dead.
You closely miss the human.
The human is almost dead.
The human closely misses you.
You riposte.
You slash the human!
You kill the human!
Cheibriados appreciates the change of pace.
Your Dodging skill increases to level 7!
Your Invocations skill increases to level 1!
You closely miss the human.
The human hits you with a +0 spectral lajatang.
You barely miss the human.
The human hits you with a +0 spectral lajatang!
You closely miss the human.
The human drinks a potion.
The human goes berserk!
You barely miss the human.
The human hits you with a +0 spectral lajatang!!
You are too injured to fight recklessly!
You are too injured to fight recklessly!
You are too injured to fight recklessly!
You hit the human but do no damage. You block the human's attack.
The human barely misses you.
You slash the human!
The human is lightly wounded.
The human hits you with a +0 spectral lajatang!!
* * * LOW HITPOINT WARNING * * *
You slash the human!
The human is moderately wounded.
The human barely misses you. You block the human's attack.
You slash the human!
The human is heavily wounded.
The human hits you with a +0 spectral lajatang!!
You die...

▓ ▓▓▓ ####
##.############
...#####..#___#___#__#
....#..#..#...#__ #._#
{{{
#...#..#..###'#p###)##
{{{
##..##'#..#.....@....#
{{{
##..###...'.⌠........#
#..####...#...######'#
#..###....#.⌠.#__#...#
...##.....#...#__#...#
...#†.....#+###__#...#
{ .##.#.....#
{{#__#...+ . ####....#
#__'...# ▓ ▓▓▓▓▓▓
▓▓▓▓▓▓▓▓


You could see a human (berserk).

Vanquished Creatures
  A deep elf pyromancer (D)
  A shadow (D)
  A spatial vortex (D)
  A necrophage (D)
  A water elemental (D)
  A jelly (D)
  A necromancer (D)
  2 humans (D)
  A phantom (D)
  An endoplasm (D)
  3 rats (D)
14 creatures vanquished.

Vanquished Creatures (others)
  2 plants (D)
2 creatures vanquished.

Grand Total: 16 creatures vanquished

Notes
Turn   | Place    | Note
-------+----------+-------------------------------------------
     0 | D        | rocky1 the Formicid Fighter began the quest for the Orb.
     0 | D        | Reached XP level 1. HP: 18/18 MP: 1/1
   246 | D        | Reached skill level 1 in Dodging
   246 | D        | Reached XP level 2. HP: 21/25 MP: 2/2
   246 | D        | Reached XP level 3. HP: 25/30 MP: 3/3
   259 | D        | Noticed a water elemental
   262 | D        | Killed a water elemental
   263 | D        | Reached skill level 5 in Fighting
   263 | D        | Reached skill level 5 in Armour
   263 | D        | Reached skill level 5 in Shields
   263 | D        | Reached XP level 4. HP: 28/39 MP: 4/4
   362 | D        | Found a glowing silver altar of Zin.
   362 | D        | Found a glowing golden altar of the Shining One.
   362 | D        | Found a white marble altar of Elyvilon.
   363 | D        | Noticed a deep elf pyromancer
   374 | D        | Killed a deep elf pyromancer
   375 | D        | Reached skill level 5 in Dodging
   375 | D        | Reached XP level 5. HP: 20/49 MP: 5/5
   375 | D        | Reached XP level 6. HP: 23/56 MP: 6/6
   375 | D        | Reached XP level 7. HP: 26/62 MP: 7/7
   565 | D        | Noticed a shadow
   568 | D        | Killed a shadow
   596 | D        | Found a blossoming altar of Fedhas.
   596 | D        | Found a stormy altar of Qazlal.
   596 | D        | Found a snail-covered altar of Cheibriados.
   596 | D        | Found a burning altar of Makhleb.
   596 | D        | Found a shimmering altar of Xom.
   596 | D        | Noticed a spatial vortex
   597 | D        | Found a hazy altar of Hepliaklqana.
   597 | D        | Found an opulent altar of Gozag.
   597 | D        | Found a sparkling altar of Nemelex Xobeh.
   597 | D        | Found a corrupted altar of Lugonu.
   597 | D        | Found a viscous altar of Jiyva.
   603 | D        | Became a worshipper of Cheibriados the Contemplative
   612 | D        | Killed a spatial vortex
   613 | D        | Reached XP level 8. HP: 70/70 MP: 8/8
   632 | D        | Found a basalt altar of Yredelemnul.
   632 | D        | Found a shadowy altar of Dithmenos.
   632 | D        | Found a sacrificial altar of Ru.
   634 | D        | Reached * piety under Cheibriados
   651 | D        | Found a hide-covered altar of Uskayaw.
   651 | D        | Found an iron altar of Okawaru.
   651 | D        | Found a bloodstained altar of Trog.
   651 | D        | Found an ornate altar of the Wu Jian Council.
   651 | D        | Noticed a human
   653 | D        | Noticed a human
   660 | D        | Killed a human
   661 | D        | Reached skill level 1 in Invocations
   668 | D        | Mangled by a human

Illustrated notes

Levels and vault maps discovered:
D:        dungeon_sprint_mu [sprint_mu_entry_cave, sprint_mu_temple_rooms,
          sprint_mu_d1_spiders, sprint_mu_d2_genie, sprint_mu_d3_branching,
          sprint_mu_orc_legion, sprint_mu_elf_gauntlet, sprint_mu_hive_nellie,
          sprint_mu_lair_fedhas, sprint_mu_vaults_butterflies,
          sprint_mu_slime_circle, sprint_mu_swamp_cave, sprint_mu_shoals_kraken,
          sprint_mu_blade_basic, sprint_mu_crypt_chambers,
          sprint_mu_tomb_spiral, sprint_mu_vestibule_basic,
          sprint_mu_gehenna_hellfire, sprint_mu_dis_giant,
          sprint_mu_tartarus_statrot, sprint_mu_cocytus_islands, sprint_mu_zot1]

Skill      XL: |  1  2  3  4  5  6  7  8 |
---------------+-------------------------+-----
Shields        | 4 5 8 9 |  9.9
Fighting       | 4 5 8 9 |  9.3
Long Blades    | 3 4 6 7 8 |  8.2
Armour         | 4 5 8 9 |  9.3
Dodging        | 1 3 5 6 7 |  7.1
Invocations    | 1 |  1.8

Action                   |  1- 3 |  4- 6 |  7- 9 || total
-------------------------+-------+-------+-------++-------
Melee: Long sword        |    19 |     9 |    37 ||    65
  Use: Potion            |     1 |     2 |       ||     3
Armor: Scale mail        |     3 |       |       ||     3
Dodge: Dodged            |     6 |     2 |     8 ||    16
Block: Kite shield       |     6 |     4 |    12 ||    22
       Rpst.: Long sword |     4 |       |     3 ||     7

Table legend: (Time is in decaauts)
 A = Elapsed time spent in this place.
 B = Non-inter-level travel time spent in this place.
 C = Inter-level travel time spent in this place.
 D = Time resting spent in this place.
 E = Time spent auto-exploring this place.
 F = Levels seen in this place.
 G = Mean time per level.
                   A        B        C        D        E       F      G
               +--------+--------+--------+--------+--------+-----+--------+
         Total |    690 |    690 |      0 |    426 |      0 |   1 |  690.0 |
       Dungeon |    690 |    690 |      0 |    426 |      0 |   1 |  690.0 |
               +--------+--------+--------+--------+--------+-----+--------+

Top non-repeatable levels by time:
       D: 690 daAuts
